AoeStats
← Shawn96

Lombardia

509964709Analyzed
4v4 RM · 4d ago on Sep 28, 2026· 49m 43s· 8 players
Game mode
Random Map
Map size
Large (8 player)
Population
200
Speed
Normal
Resources
Standard
Victory
Conquest
Starting age
Dark Age
Ending age
Imperial Age
RankedLock teamsTeams togetherTeam positionsShared explorationLock speedFull tech treeHidden civsTurbo modeCheats
Victory
Defeat
🇩🇪 Huns · Germany
1268
+17
🇫🇮 Berbers · Finland
1265
+17
🇺🇸 Maya · United States
1237
+18
🇺🇸 Romans · United States
1192
+20
🇨🇦 Cumans · Canada
1346
-19
🇬🇧 Vietnamese · United Kingdom
1305
-19
🇺🇸 Gurjaras · United States
1259
-17
🇬🇧 Vikings · United Kingdom
1249
-17
Tronald Dump
10:24 Feudal Age
10:53 Double-Bit Axe
12:47 Loom
15:41 Castle Age
19:08 Horse Collar
20:18 Bow Saw
20:56 Heavy Plow
25:01 Bloodlines
25:35 Scale Barding Armor
27:03 Marauders
27:13 Husbandry
27:41 Forging
29:27 Chain Barding Armor
31:10 Iron Casting
31:20 Gold Mining
32:10 Wheelbarrow
35:26 Hand Cart
38:30 Imperial Age
37:08 Gold Shaft Mining
37:55 Light Cavalry
38:31 Elite Tarkan
39:35 Conscription
39:55 Plate Barding Armor
40:53 Blast Furnace
39:37 Hussar
Sunday x Junior
10:54 Feudal Age
9:13 Loom
11:46 Double-Bit Axe
15:23 Castle Age
16:01 Fletching
17:42 Bodkin Arrow
19:53 Ballistics
21:38 Bloodlines
23:20 Husbandry
23:24 Padded Archer Armor
25:19 Leather Archer Armor
28:53 Thumb Ring
29:51 Scale Barding Armor
31:22 Chain Barding Armor
36:39 Forging
41:02 Bow Saw
40:34 Horse Collar
42:18 Wheelbarrow
45:59 Imperial Age
43:47 Hand Cart
44:54 Iron Casting
45:05 Kasbah
46:54 Bracer
48:01 Chemistry
48:16 Ring Archer Armor
47:16 Light Cavalry
49:26 Conscription
49:17 Maghrebi Camels
Sun Tzu
0:36 Loom
11:26 Feudal Age
16:52 Castle Age
14:45 Double-Bit Axe
14:41 Horse Collar
17:50 Eagle Warrior
18:31 Squires
19:00 Forging
18:50 Scale Mail Armor
18:53 Arson
25:42 Chain Mail Armor
25:54 Bow Saw
25:49 Heavy Plow
28:26 Wheelbarrow
29:40 Bow Saw
32:33 Iron Casting
34:37 Imperial Age
32:29 Stone Mining
32:31 Gold Mining
34:42 Elite Eagle Warrior
36:25 Blast Furnace
35:55 Plate Mail Armor
36:35 Holcans
36:03 Town Watch
40:55 Conscription
40:43 Caravan
43:07 Hand Cart
42:53 Town Patrol
Soaking Dill
10:41 Feudal Age
12:39 Loom
12:56 Double-Bit Axe
17:58 Castle Age
17:43 Scale Mail Armor
18:42 Pikeman
19:37 Squires
20:47 Bow Saw
24:52 Horse Collar
28:47 Chain Mail Armor
29:15 Town Watch
30:11 Wheelbarrow
29:54 Forging
29:50 Stone Mining
29:54 Gold Mining
32:32 Heavy Plow
33:14 Iron Casting
36:47 Imperial Age
34:33 Hand Cart
35:15 Ballistas
35:42 Town Watch
36:53 Heavy Scorpion
36:56 Halberdier
39:45 Blast Furnace
39:56 Conscription
40:11 Town Patrol
40:50 Gold Shaft Mining
41:36 Siege Engineers
41:52 Ballistics
43:56 Caravan
44:04 Capped Ram
49:07 Man-at-Arms
49:40 Fletching
Shawn96
7:23 Loom
9:15 Feudal Age
10:57 Double-Bit Axe
11:16 Horse Collar
15:52 Wheelbarrow
18:01 Town Watch
19:11 Gold Mining
22:07 Castle Age
20:14 Scale Barding Armor
21:14 Forging
21:22 Bloodlines
23:27 Chain Barding Armor
23:35 Bow Saw
25:49 Iron Casting
26:04 Gold Shaft Mining
25:37 Heavy Plow
25:51 Fletching
27:58 Light Cavalry
29:26 Stone Mining
33:55 Ballistics
34:27 Bodkin Arrow
37:52 Imperial Age
35:41 Hand Cart
37:07 Padded Archer Armor
39:06 Conscription
38:10 Cavalier
39:26 Plate Barding Armor
39:52 Blast Furnace
40:22 Town Patrol
39:59 Paladin
42:29 Chemistry
41:25 Murder Holes
42:09 Crop Rotation
42:52 Two-Man Saw
42:46 Guilds
D0cTOrSniper
8:14 Loom
11:02 Feudal Age
15:27 Castle Age
13:25 Double-Bit Axe
14:11 Horse Collar
17:05 Bow Saw
19:51 Heavy Plow
23:17 Gold Mining
23:19 Stone Mining
24:41 Fletching
25:16 Padded Archer Armor
25:24 Bodkin Arrow
25:06 Elite Skirmisher
27:23 Leather Archer Armor
29:24 Ballistics
31:38 Imperial Age
32:22 Bracer
33:31 Chemistry
32:07 Imperial Skirmisher
34:34 Ring Archer Armor
34:40 Masonry
34:28 Capped Ram
35:28 Siege Engineers
34:55 Heavy Scorpion
35:22 Onager
36:53 Town Watch
37:06 Arson
37:22 Squires
37:40 Fortified Wall
38:01 Architecture
37:17 Capped Ram
46:23 Caravan
47:33 Crop Rotation
47:51 Gold Shaft Mining
48:18 Two-Man Saw
47:55 Conscription
Calum1Ltv
5:00 Loom
9:01 Feudal Age
9:50 Double-Bit Axe
18:45 Wheelbarrow
21:49 Castle Age
20:41 Gold Mining
21:34 Stone Mining
22:58 Bow Saw
26:24 Town Watch
26:52 Light Cavalry
28:50 Hand Cart
29:54 Horse Collar
30:47 Scale Mail Armor
30:58 Forging
31:18 Squires
32:32 Chain Mail Armor
36:33 Imperial Age
34:54 Iron Casting
34:08 Arson
33:46 Pikeman
35:36 Fletching
36:43 Elite Fire Lancer
37:55 Plate Mail Armor
38:59 Chemistry
38:24 Paper Money
38:32 Bodkin Arrow
38:42 Caravan
38:17 Elite Rattan Archer
39:07 Sappers
39:37 Capped Ram
41:34 Thumb Ring
41:18 Halberdier
46:00 Bombard Tower
45:46 Siege Engineers
45:53 Fortified Wall
47:38 Bracer
47:38 Padded Archer Armor
49:59 Hoardings
49:41 Leather Archer Armor
onesecimpoopin
11:16 Feudal Age
15:09 Castle Age
13:39 Double-Bit Axe
14:44 Horse Collar
14:58 Gold Mining
16:49 Wheelbarrow
16:29 Bow Saw
17:01 Heavy Plow
21:15 Stone Mining
23:45 Scale Barding Armor
24:43 Bloodlines
24:33 Husbandry
25:00 Padded Archer Armor
24:42 Elite Skirmisher
25:57 Thumb Ring
27:07 Gold Shaft Mining
27:23 Fletching
27:52 Forging
28:55 Hand Cart
29:44 Leather Archer Armor
30:34 Stone Shaft Mining
31:26 Iron Casting
31:20 Kshatriyas
33:06 Chain Barding Armor
33:03 Bodkin Arrow
33:56 Ballistics
33:19 Treadmill Crane
35:56 Scale Mail Armor
40:12 Imperial Age
38:36 Chain Mail Armor
39:22 Murder Holes
39:37 Masonry
41:09 Town Watch
41:56 Caravan
41:41 Heavy Camel Rider
42:52 Bracer
43:30 Plate Barding Armor
44:03 Chemistry
45:37 Elite Elephant Archer
48:04 Plate Mail Armor
47:35 Imperial Skirmisher
Connection lost

Rejoining the realm…

Still unreachable

The connection could not be restored.

Session expired

The server has moved on; the page needs a fresh start.